 Dungeon Crawl Stone Soup version 0.31-a0-983-g7b6862f502 (webtiles) character file.

Game seed: 11596615166691086508

4 lunkers the Ruffian (level 2, -3/23 HPs)
             Began as a Meteoran Shapeshifter on Nov 3, 2023.
             Slain by a worm (9 damage)
             ... on level 1 of the Dungeon.
             The game lasted 00:00:14 (89 turns).

lunkers the Ruffian (Meteoran Shapeshifter)           Turns: 89, Time: 00:00:15

Health: -3/23      AC:  2    Str: 15    XL:     2   Next: 0%
Magic:  3/3        EV: 12    Int: 11    God:
Gold:   0          SH:  0    Dex: 13    Spells: 1/1 levels left

rFire   . .          .
                       - Unarmed
rCold   . . .        (no shield)
rNeg    . . .        a - +0 animal skin
rPois   .            (helmet currently unavailable)
rElec   .            (cloak currently unavailable)
rCorr   .            (gloves currently unavailable)
SInv    .            (boots currently unavailable)
Will    .....        (no amulet)
Stlth   +            (no ring)
HPRegen 0.23/turn    (no ring)
MPRegen 0.08/turn

%: no passive effects
@: beast-form, glowing
A: beast (slay +2), sense surroundings 1, otherworldly, glowing, explore regen
a: Begin Untransformation


You were on level 1 of the Dungeon.
You were a hulking beast.
You visited 1 branch of the dungeon, and saw 1 of its levels.

Inventory:

Armour
 a - a +0 animal skin (worn)
Talismans
 c - a beast talisman
 d - a flux talisman
Potions
 b - a potion of lignification
 e - a potion of heal wounds {unknown}


   Skills:
 - Level 1.1 Fighting
 - Level 2.1 Dodging
 * Level 3.9 Unarmed Combat
 + Level 3.7 Shapeshifting


You had one spell level left.
You didn't know any spells.
Your spell library was empty.

Dungeon Overview and Level Annotations

Branches:
Dungeon (1/15) Zot: 511

Altars:


Innate Abilities, Weirdness & Mutations

You are a hulking beast.
Your limbs bulge with bestial killing power. (Slay +2)
You passively map a small area around you.
You are easily found by Zot.
You glow in the dark.
You regain HP and MP as you explore.


Message History

* * * LOW HITPOINT WARNING * * *
The hobgoblin hits you but does no damage.
The worm attacks as it pursues you! The worm barely misses you.
The rat attacks as it pursues you! The rat barely misses you.
Found an escape hatch in the floor.
The rat attacks as it pursues you! The rat bites you.
* * * LOW HITPOINT WARNING * * *
You punch the rat!
You kill the rat!
The hobgoblin hits you but does no damage.
You see here a rat corpse.
Unknown command.
You punch the hobgoblin!
You kill the hobgoblin!
You have reached level 2!
You hit the worm.
The worm is moderately wounded.
The worm bites you.
* * * LOW HITPOINT WARNING * * *
You hit the worm but do no damage.
The worm is moderately wounded.
The worm closely misses you.
You barely miss the worm.
The worm is lightly wounded.
You hit the worm.
The worm is moderately wounded.
The worm barely misses you.
You hit the worm.
The worm is heavily wounded.
Unknown command.
You hit the worm.
The worm is severely wounded.
The worm bites you.
* * * LOW HITPOINT WARNING * * *
You hit the worm.
The worm is severely wounded.
You hit the worm.
The worm is severely wounded.
The worm bites you!
You die...

, , .##.* .., , , #..
, ...##. ,* * , , ###
, ,....>., , , ,....
*, , , #..., , , ,* #
, ..#***** * # , * #.#
# * #.# ######### #
#h# #.......# # *
#w####.#####.# #
####Kw....#####.#####
* ,
#....#...............
*
##..#####..#####.#####
, , #..ww^#*#........#
#.......##.######## ,
#......>..#.# *
,#....^....###


You could see 2 worms and a kobold.

Vanquished Creatures
  A dart slug (D:1)
  A hobgoblin (D:1)
  A rat (D:1)
3 creatures vanquished.

Notes
Turn   | Place    | Note
-------+----------+-------------------------------------------
     0 | D:1      | lunkers the Meteoran Shapeshifter began the quest for the
                  | Orb.
     0 | D:1      | Reached XP level 1. HP: 16/16 MP: 2/2
    81 | D:1      | Reached XP level 2. HP: 13/23 MP: 3/3
    89 | D:1      | Slain by a worm

Illustrated notes

Levels and vault maps discovered:
D:1:      psy_arrival_basics, layout_loops_cross, nicolae_wormholes

Action                     || total
---------------------------++-------
  Melee: Unarmed           ||    16
 Armour: Animal skin       ||    12
  Dodge: Dodged            ||     8

Table legend: (Time is in decaauts)
 A = Elapsed time spent in this place.
 B = Non-inter-level travel time spent in this place.
 C = Inter-level travel time spent in this place.
 D = Time resting spent in this place.
 E = Time spent auto-exploring this place.
 F = Levels seen in this place.
 G = Mean time per level.
                   A        B        C        D        E       F      G
               +--------+--------+--------+--------+--------+-----+--------+
         Total |     87 |     87 |      0 |      0 |     57 |   1 |   87.0 |
       Dungeon |     87 |     87 |      0 |      0 |     57 |   1 |   87.0 |
               +--------+--------+--------+--------+--------+-----+--------+

Top non-repeatable levels by time:
     D:1: 87 daAuts
